 Dungeon Crawl Stone Soup version 0.27-a0-1188-g73eefd5def (webtiles) character file.

Game seed: 8510344118873472290

23 Sobieck the Poker (level 2, 0/24 HPs)
             Began as a Merfolk Fighter on May 21, 2021.
             Slain by a jackal (1 damage)
             ... on level 2 of the Dungeon.
             The game lasted 00:00:49 (185 turns).

Sobieck the Poker (Merfolk Fighter)                  Turns: 185, Time: 00:00:49

Health: 0/24       AC:  6    Str: 16    XL:     2   Next: 95%
Magic:  2/2        EV:  6    Int:  7    God:
Gold:   0          SH:  9    Dex: 13    Spells: 1/1 levels left

rFire    . . .     SeeInvis .   a - +0 trident {polearm}
rCold    . . .     Faith    .   c - +0 kite shield
rNeg     . . .     Spirit   .   b - +0 scale mail
rPois    .         Reflect  .   (no helmet)
rElec    .         Harm     .   (no cloak)
rCorr    .         Rampage  .   (no gloves)
Will     .....                  (no boots)
Stlth    ..........             (no amulet)
HPRegen  0.08/turn              (no ring)
MPRegen  0.08/turn              (no ring)

@: no status effects
A: (nimble swimmer 2), mertail
a: no special abilities


You were on level 2 of the Dungeon.
You visited 1 branch of the dungeon, and saw 2 of its levels.


Innate Abilities, Weirdness & Mutations

((You are quick and stealthy near water. (Stealth+, EV+, Speed+++)))
Your lower body shifts to a powerful aquatic tail in water.


   Skills:
 - Level 3.2 Fighting
 + Level 4.9 Polearms
 - Level 2.1 Armour
 - Level 3.0 Shields


You had one spell level left.
You didn't know any spells.
Your spell library was empty.

Inventory:

Hand Weapons
 a - a +0 trident (weapon) {polearm}
Missiles
 e - 26 stones (quivered) {throwing}
Armour
 b - a +0 scale mail (worn)
 c - a +0 kite shield (worn)
Scrolls
 f - a scroll of teleportation {unknown}
Potions
 d - a potion of might

Dungeon Overview and Level Annotations

Branches:
Dungeon (2/15)

Altars:

#....#.#
+....#.#
#....#.#
#....#.#
#...†#.#
#......#
###....#
#....#######
##'#...@h..#
#†#######.#
#<# ... ###
h..# $..#
.... ....#
....#


You could see a jackal.


Message History

The adder bites you. The adder barely misses you. 😮 HP[-4]
You take 4 damage, and now have 18/24 hp.
You are too injured to fight recklessly!
You are too injured to fight recklessly!
Unknown command.
You miss the adder.
You feel sick. You block the adder's attack.
The adder barely misses you. 😮 HP[-1]
You take 1 damage, and now have 17/24 hp.
You hit the adder but do no damage.
You feel sick.
The adder bites you but does no damage. 😮 HP[-1]
You take 1 damage, and now have 16/24 hp.
You closely miss the adder.
You feel sick.
The adder bites you but does no damage. x2 😮 HP[-2]
You take 2 damage, and now have 14/24 hp.
You miss the adder.
You feel sick.
You are no longer poisoned.
The adder bites you but does no damage. You block the adder's attack. 😮 HP[-1]
You take 1 damage, and now have 13/24 hp.
Your scale mail prevents you from hitting the adder.
The adder bites you.
* * * LOW HITPOINT WARNING * * *
You are poisoned.
The adder poisons you! 😨 HP[-2]
You take 2 damage, and now have 11/24 hp.
You feel sick. The adder bites you.
* * * LOW HITPOINT WARNING * * *
😨 HP[-3]
You take 3 damage, and now have 8/24 hp.
You feel sick. 😨 HP[-1]
You take 1 damage, and now have 7/24 hp.
Unknown command.
You barely miss the adder.
You feel sick. You block the adder's attack.
The adder bites you but does no damage. 😱 HP[-1]
You take 1 damage, and now have 6/24 hp.
You closely miss the adder.
You feel sick. You block the adder's attack. 😱 HP[-1]
You take 1 damage, and now have 5/24 hp.
You closely miss the adder.
You feel sick. You block the adder's attack.
The adder bites you but does no damage. 😱 HP[-1]
You take 1 damage, and now have 4/24 hp.
You closely miss the adder.
You feel sick.
You are no longer poisoned.
You block the adder's attack. x2 😱 HP[-1]
You take 1 damage, and now have 3/24 hp.
You puncture the adder!
You kill the adder!
You block the jackal's attack.
Your scale mail prevents you from hitting the jackal.
The jackal bites you but does no damage.
The jackal barely misses you.
You closely miss the jackal. You block the jackal's attack.
The jackal closely misses you.
You completely miss the jackal. The jackal closely misses you.
You block the jackal's attack.
You closely miss the jackal.
The jackal bites you but does no damage. x2
You hit the jackal. The jackal barely misses you. 😱 HP[+1]
You barely miss the jackal. You block the jackal's attack.
The jackal bites you but does no damage.
You hit the jackal.
You kill the jackal!
The jackal bites you but does no damage.
You hit the jackal. You block the jackal's attack.
You hit the jackal. You block the jackal's attack. The jackal bites you.
* * * LOW HITPOINT WARNING * * *
😱 HP[-1]
You take 1 damage, and now have 3/24 hp.
You hit the jackal.
You kill the jackal!
You closely miss the jackal. The jackal barely misses you.
The jackal bites you but does no damage.
You miss the jackal. You block the jackal's attack.
The jackal bites you but does no damage.
You hit the jackal but do no damage. The jackal barely misses you.
You block the jackal's attack.
You hit the jackal.
The jackal bites you but does no damage.
The jackal bites you.
* * * LOW HITPOINT WARNING * * *
😱 HP[-1]
You take 1 damage, and now have 2/24 hp.
You hit the jackal but do no damage. The jackal barely misses you.
The jackal bites you.
* * * LOW HITPOINT WARNING * * *
😱 HP[-1]
You take 1 damage, and now have 1/24 hp.
You closely miss the jackal. You block the jackal's attack.
The jackal bites you.
You die...

Skill      XL: |  1 |
---------------+----+-----
Polearms       | 4 |  4.9
Fighting       | |  3.2
Armour         | |  2.1
Shields        | |  3.0

Action                   || total
-------------------------++-------
Melee: Trident           ||    50
Armor: Scale mail        ||    21
Dodge: Dodged            ||    12
Block: Kite shield       ||    25

Levels and vault maps discovered:
D:1:      dpeg_arrival_simpleton_a, layout_basic,
          chequers_ecumenical_altar_simple_redux, serial_shops, shop
D:2:      layout_basic

Notes
Turn   | Place    | Note
-------+----------+-------------------------------------------
     0 | D:1      | Sobieck the Merfolk Fighter began the quest for the Orb.
     0 | D:1      | Reached XP level 1. HP: 18/18 MP: 1/1
     0 | D:1      | magus.rc [v1.9.6]
   107 | D:2      | Reached skill level 4 in Polearms
   107 | D:2      | Reached XP level 2. HP: 24/24 MP: 2/2
   165 | D:2      | HP: 6/24 [poisoned by an adder]
   178 | D:2      | HP: 3/24 [jackal (1)]
   183 | D:2      | HP: 2/24 [jackal (1)]
   185 | D:2      | Slain by a jackal

Vanquished Creatures
  An adder (D:2)
  A dart slug (D:2)
  An endoplasm (D:2)
  3 goblins (D:1)
  2 jackals (D:2)
  2 ball pythons (D:2)
  A bat (D:2)
11 creatures vanquished.

Table legend:
 A = Non-vault XP
 B = Vault XP
 C = Vault XP percentage of total XP
 D = Non-vault monster count
 E = Vault monster count
 F = Vault count percentage of total count
                 A         B        C        D         E       F
            +---------+---------+-------+---------+---------+-------
      Total |      33 |       0 |   0.0 |      11 |       0 |   0.0
            +---------+---------+-------+---------+---------+-------
        D:1 |       6 |       0 |   0.0 |       3 |       0 |   0.0
        D:2 |      27 |       0 |   0.0 |       8 |       0 |   0.0
            +---------+---------+-------+---------+---------+-------

Illustrated notes

Table legend:
 A = Kills in this place as a percentage of kills in entire the game.
 B = Kills by you in this place as a percentage of kills by you in the entire game.
 C = Kills by friends in this place as a percentage of kills by friends in the entire game.
 D = Other kills in this place as a percentage of other kills in the entire game.
 E = Experience gained in this place as a percentage of experience gained in the entire game.
 F = Experience gained in this place divided by the number of levels of this place that you have seen.
                   A       B       C       D       E      F
               +-------+-------+-------+-------+-------+----------------------
         Total | 100.0 | 100.0 |   N/A |   N/A | 100.0 |  16.5
       Dungeon | 100.0 | 100.0 |   N/A |   N/A | 100.0 |  16.5
               +-------+-------+-------+-------+-------+----------------------

Table legend: (Time is in decaauts)
 A = Elapsed time spent in this place.
 B = Non-inter-level travel time spent in this place.
 C = Inter-level travel time spent in this place.
 D = Time resting spent in this place.
 E = Time spent auto-exploring this place.
 F = Levels seen in this place.
 G = Mean time per level.
                   A        B        C        D        E       F      G
               +--------+--------+--------+--------+--------+-----+--------+
         Total |    201 |    192 |      9 |      0 |    108 |   2 |  100.5 |
       Dungeon |    201 |    192 |      9 |      0 |    108 |   2 |  100.5 |
               +--------+--------+--------+--------+--------+-----+--------+

Top non-repeatable levels by time:
     D:1: 101 daAuts
     D:2: 99 daAuts
